 Dungeon Crawl Stone Soup version 0.30-a0-475-g03497ec522 (webtiles) character file.

Game seed: 12825824439208248288

5483 IdlyInterested the Carver (level 10, -5/68 (71) HPs)
             Began as a Demonspawn Gladiator on Dec 20, 2022.
             Slain by Josephine
             ... wielding a +5 dagger of holy wrath
              (12 damage)
             ... on level 10 of the Dungeon.
             The game lasted 00:38:44 (9930 turns).

IdlyInterested the Carver (Demonspawn Gladiator)    Turns: 9930, Time: 00:38:45

HP:   -5/68 (71)    AC: 11    Str: 15    XL:     10   Next: 42%
MP:   10/10         EV: 15    Int:  9    God:
Gold: 648           SH:  5    Dex: 25    Spells: 9/9 levels left

rFire   + . .      SeeInvis .    B - +0 scimitar
rCold   + . .      Faith    .    (no shield)
rNeg    . . .      Spirit   .    R - +2 robe {rC+ rF+}
rPois   .          Reflect  +    (helmet restricted)
rElec   .          Harm     .    (no cloak)
rCorr   +          Rampage  .    H - +0 pair of gloves
Will    .....                    (no boots)
Stlth   +++.......               V - amulet of reflection
HPRegen 0.31/turn                r - +6 ring of dexterity
MPRegen 0.12/turn                D - ring of resist corrosion

@: sanguine armoured, slowed, studying 2 skills, lightly drained, very slow
A: horns 2, demonic guardian 1, ignite blood 1, sanguine armour 1
a: no special abilities


You were on level 10 of the Dungeon.
You visited 2 branches of the dungeon, and saw 11 of its levels.
You also visited: Ossuary.

You collected 648 gold pieces.

Inventory:

Hand Weapons
 a - a +1 long sword
 p - a +0 dagger of draining
 t - a +2 dagger of venom
 B - a +0 scimitar (weapon)
 M - a +0 falchion
 O - a +0 rapier
 W - a +3 dagger
 X - a +0 falchion
 Y - a +0 short sword of draining
Missiles
 b - 13 poisoned darts
 d - 3 throwing nets
 e - 5 javelins
 l - 6 boomerangs
 C - 14 stones (quivered)
 E - 2 atropa-tipped darts
 P - 3 curare-tipped darts
Armour
 i - +0 steam dragon scales
 q - a +0 robe of positive energy
 H - a +0 pair of gloves (worn)
 R - a +2 robe of resistance (worn)
Jewellery
 h - an amulet of guardian spirit
 n - a ring of protection from cold
 o - a +4 ring of protection
 r - a +6 ring of dexterity (left hand)
 x - a ring of fire
 y - an amulet of the acrobat
 D - a ring of resist corrosion (right hand)
 F - a ring of flight
 J - a +6 ring of strength
 U - a +6 ring of dexterity
 V - an amulet of reflection (around neck)
Wands
 f - a wand of polymorph (12)
 g - a wand of flame (12)
 K - a wand of mindburst (14)
Scrolls
 c - 2 scrolls of amnesia
 s - 7 scrolls of magic mapping
 u - 5 scrolls of poison
 v - 6 scrolls of teleportation
 A - 4 scrolls of blinking
 G - 2 scrolls of fear
 I - 2 scrolls of silence
 L - 2 scrolls of vulnerability
Potions
 j - 2 potions of resistance
 k - 4 potions of mutation
 m - a potion of brilliance
 w - 3 potions of cancellation
 N - 2 potions of haste
 Q - a potion of attraction {unknown}
 T - a potion of berserk rage
 Z - 2 potions of heal wounds


   Skills:
 - Level 4.0 Fighting
 + Level 13.0 Long Blades
 - Level 4.0 Throwing
 - Level 2.0 Armour
 * Level 4.5 Dodging
 - Level 2.0 Stealth
 - Level 2.0 Evocations


You had 9 spell levels left.
You didn't know any spells.
Your spell library contained the following spells:

 Spells                   Type           Power      Damage    Failure   Level
 Slow                     Hex            0%         N/A       38%         1
 Confusing Touch          Hex            0%         N/A       77%         3
 Vampiric Draining        Necr           0%         2d6       77%         3


Dungeon Overview and Level Annotations

Branches:
Dungeon (10/15)            Temple (1/1) D:4            Lair (0/5) D:8
Ossuary (visited)
    Orc: D:9-12

Altars:
Ashenzari
Dithmenos
Fedhas
Gozag
Hepliaklqana
Kikubaaqudgha
Makhleb
Nemelex Xobeh
Okawaru
Qazlal
Ru
Sif Muna
Trog
Uskayaw
Vehumet
Wu Jian
Xom
Yredelemnul

Shops:
D:5 *

Annotations:
D:10 Josephine


Innate Abilities, Weirdness & Mutations

You have a pair of horns on your head.
A weak demonic guardian rushes to your aid.
Your demonic aura sometimes causes spilled blood to erupt in flames.
When seriously injured, your blood forms armour. (AC +6)


Message History

You feel invigorated.
You hear a shout!
The wraith closely misses you. The wraith hits you but does no damage.
Your rust devil closely misses the wraith.
You slash Josephine! Your headbutt misses Josephine.
Josephine is moderately wounded.
The wraith hits you but does no damage. The wraith misses you.
Your rust devil hits the wraith.
Your rust devil corrodes the wraith!
The wraith hits you. Josephine barely misses you. The wraith hits you.
You hit Josephine but do no damage.
Josephine is moderately wounded.
You feel less invigorated.
You feel less confused.
Your rust devil hits the wraith.
The wraith seems to be corroded for longer.
The wraith hits you but does no damage. The wraith misses you.
Josephine hits you with a +5 dagger of holy wrath.
You convulse.
You hit Josephine.
Josephine is moderately wounded.
Your rust devil completely misses the wraith.
The wraith hits you but does no damage. The wraith misses you.
You block Josephine's attack.
You slash Josephine!
Josephine is heavily wounded.
Your rust devil hits the wraith.
The wraith seems to be corroded for longer.
The wraith completely misses you. The wraith hits you.
The wraith drains your vigour!
You feel as though you will be slow longer.
Josephine hits you but does no damage.
Your rust devil hits the wraith.
The wraith seems to be corroded for longer.
You barely miss Josephine. You headbutt Josephine!
Josephine is heavily wounded.
The wraith hits you!
* * * LOW HITPOINT WARNING * * *
Josephine hits you with a +5 dagger of holy wrath!
* * * LOW HITPOINT WARNING * * *
You convulse!
You die...

?.. ...########
...$......#
W.........######
......W...#....#####
#....$..............
#..@.W.WW..≈≈≈≈≈≈≈
########@W4≈≈≈≈≈≈≈
###### #@W.≈≈####
#....# #...≈≈#
#....# #...≈≈#
#....####...≈≈#
#......##...≈≈#
#....#.##...≈≈#
#....#......≈≈#
#####
##.......##.≈≈≈≈≈≈
≈≈≈≈≈
#######.##.≈≈≈≈≈≈
≈≈≈≈≈


You could see Josephine, 4 wraiths and a friendly rust devil (summoned).

Vanquished Creatures
  An unseen horror (D:8)
  A troll (D:9)
  Prince Ribbit (D:8)
  2 wyverns
  3 yaks (D:9)
  2 steam dragons
  3 wargs (D:8)
  An acid dragon (D:9)
  Duvessa (D:6)
  A sky beast (D:7)
  3 black bears
  An orc warrior (D:8)
  A centaur (D:7)
  A phantom (D:5)
  2 kobold brigands
  3 bullfrogs
  4 elf zombies (Ossuary)
  A necrophage (D:6)
  3 wights (D:8)
  Dowan (D:6)
  6 killer bees (D:7)
  A howler monkey (D:8)
  5 centaur zombies (Ossuary)
  3 human zombies (Ossuary)
  6 orc priests
  6 hounds
  5 iguanas
  12 orc wizards
  3 mummies (Ossuary)
  3 gnolls (D:4)
  5 adders
  A white imp (D:8)
  A worm (D:3)
  3 dart slugs
  25 orcs
  7 ball pythons
  9 endoplasms
  2 giant cockroaches
  7 goblins
  7 hobgoblins
  4 jackals (D:1)
  2 quokkas (D:2)
  4 bats
  10 kobolds
  3 rats
176 creatures vanquished.

Vanquished Creatures (collateral kills)
  An orc warrior (D:8)
  An ogre (D:6)
  A jelly (D:6)
  An orc wizard (D:6)
  An orc (D:5)
5 creatures vanquished.

Vanquished Creatures (others)
  5 plants
5 creatures vanquished.

Grand Total: 186 creatures vanquished

Notes
Turn   | Place    | Note
-------+----------+-------------------------------------------
     0 | D:1      | IdlyInterested the Demonspawn Gladiator began the quest for
                  | the Orb.
     0 | D:1      | Reached XP level 1. HP: 16/16 MP: 1/1
   200 | D:1      | Reached skill level 3 in Long Blades
   200 | D:1      | Gained mutation: When seriously injured, your blood forms
                  | armour. (AC +6) [demonic ancestry]
   200 | D:1      | Reached XP level 2. HP: 15/22 MP: 2/2
   667 | D:1      | Found a faded altar of an unknown god.
  1231 | D:2      | Gained mutation: Your demonic aura sometimes causes spilled
                  | blood to erupt in flames. [demonic ancestry]
  1231 | D:2      | Reached XP level 3. HP: 24/27 MP: 1/3
  2032 | D:3      | Reached skill level 4 in Long Blades
  2032 | D:3      | Reached skill level 1 in Evocations
  2075 | D:3      | Reached XP level 4. HP: 16/33 MP: 1/4
  3089 | D:4      | Noticed a black bear
  3103 | D:4      | Killed a black bear
  3104 | D:4      | Reached skill level 5 in Long Blades
  3104 | D:4      | Reached skill level 1 in Stealth
  3104 | D:4      | Gained mutation: A weak demonic guardian rushes to your
                  | aid. [demonic ancestry]
  3104 | D:4      | Reached XP level 5. HP: 38/38 MP: 5/5
  3390 | D:4      | Found a staircase to the Ecumenical Temple.
  3397 | Temple   | Entered the Ecumenical Temple
  3806 | D:5      | Entered Level 5 of the Dungeon
  3913 | D:5      | Reached skill level 1 in Armour
  4135 | D:5      | Found Gozag's Platinum Reserve.
  4157 | D:5      | Reached XP level 6. HP: 42/44 MP: 4/6
  4190 | D:5      | Reached skill level 6 in Long Blades
  4288 | D:5      | Found an opulent altar of Gozag.
  4659 | D:5      | Reached XP level 7. HP: 37/50 MP: 7/7
  4982 | D:6      | Noticed Dowan
  4982 | D:6      | Noticed Duvessa
  5078 | D:6      | Reached skill level 7 in Long Blades
  5377 | D:6      | Found a broken altar of Ashenzari.
  5509 | D:6      | Killed Duvessa
  5518 | D:6      | Killed Dowan
  5519 | D:6      | Reached skill level 8 in Long Blades
  5519 | D:6      | Gained mutation: You have a pair of small horns on your
                  | head. [demonic ancestry]
  5519 | D:6      | Reached XP level 8. HP: 40/57 MP: 5/8
  6097 | D:7      | Found a sand-covered staircase.
  6106 | Ossuary  | Entered an ossuary
  6143 | Ossuary  | Reached skill level 9 in Long Blades
  6558 | D:7      | Gained mutation: You have a pair of horns on your head.
                  | [demonic ancestry]
  6558 | D:7      | Reached XP level 9. HP: 65/65 MP: 9/9
  6665 | D:7      | Reached skill level 10 in Long Blades
  7583 | D:8      | Found a blossoming altar of Fedhas.
  7705 | D:8      | Noticed Prince Ribbit
  7715 | D:8      | Killed Prince Ribbit
  7716 | D:8      | Reached skill level 11 in Long Blades
  7931 | D:8      | HP: 3/65 [warg (11)]
  7982 | D:8      | Reached XP level 10. HP: 9/71 MP: 10/10
  8229 | D:8      | Found a staircase to the Lair.
  8376 | D:8      | Reached skill level 12 in Long Blades
  8818 | D:9      | Identified 2 scrolls of acquirement
  8818 | D:9      | Acquired a manual of Fighting
  8820 | D:9      | Acquired a manual of Long Blades
  9281 | D:9      | Reached skill level 13 in Long Blades
  9721 | D:10     | Entered Level 10 of the Dungeon
  9895 | D:10     | Found a bloodstained altar of Trog.
  9913 | D:10     | Noticed Josephine
  9930 | D:10     | Slain by Josephine

Illustrated notes

Levels and vault maps discovered:
D:1:      lightli_arrival_windingriver, layout_basic,
          ebering_ecumenical_altar_box, st_stairs_14, roderic_lattice_a
D:2:      layout_loops_ring, serial_bayou_lagoon_b
D:3:      layout_basic
D:4:      layout_rooms, minmay_temple_entry_nine_rooms
D:5:      layout_basic, nicolae_gozag_zags_fifth_avenue
D:6:      layout_loops_cross, mainiacjoe_overflow_alcove_2, serial_bayou,
          serial_bayou_pond_a, serial_bayou_lagoon_a, serial_bayou_pond_a,
          serial_bayou_shore_b, serial_bayou_pond_e, kennysheep_dice,
          uniq_duvessa
D:7:      layout_loops_corners, enter_ossuary_3
D:8:      layout_rooms, mainiacjoe_overflow_catwalk, erik_lair_orcish_takeover,
          uniq_prince_ribbit1
D:9:      layout_basic
D:10:     layout_basic, cheibriados_altar_1, bloody_trog, erik_orc_2,
          hangedman_tell_no_tales, uniq_josephine
Temple:   minmay_crystal_spiral_temple

Skill      XL: |  1  2  3  4  5  6  7  8  9 10 |
---------------+-------------------------------+-----
Dodging        | 3 4 |  4.5
Long Blades    | 3 4 5 6 8 9 11 13 | 13.0
Throwing       | 2 4 |  4.0
Evocations     | 1 2 |  2.0
Stealth        | 1 2 |  2.0
Armour         | 1 2 |  2.0
Fighting       | 4 |  4.0

Action                   |  1- 3 |  4- 6 |  7- 9 | 10-12 || total
-------------------------+-------+-------+-------+-------++-------
Melee: Long sword        |   111 |     2 |    88 |       ||   201
       Punch             |     2 |       |     9 |     2 ||    13
       Dagger            |       |   143 |   244 |    81 ||   468
       Headbutt          |       |       |    64 |    31 ||    95
       Scimitar          |       |       |       |    23 ||    23
Throw: Stone             |    13 |    27 |    23 |    13 ||    76
       Boomerang         |       |     3 |       |       ||     3
       Javelin           |       |       |     2 |       ||     2
       Dart              |       |       |     1 |       ||     1
Evoke: Wand              |       |       |    15 |     1 ||    16
  Use: Scroll            |     4 |     9 |     4 |     5 ||    22
       Potion            |       |     2 |     9 |     1 ||    12
 Stab: Sleeping          |     1 |     1 |     2 |     2 ||     6
Armor: Leather armour    |    27 |       |       |       ||    27
       Ring mail         |    12 |    18 |       |       ||    30
       Scale mail        |       |    17 |    28 |       ||    45
       Steam dragon scal |       |       |    52 |       ||    52
       Robe              |       |       |    39 |    20 ||    59
       Skin              |       |       |    14 |       ||    14
Dodge: Dodged            |    86 |    62 |   210 |    51 ||   409
Block: Other             |       |       |    30 |    20 ||    50
       Reflection        |       |       |     1 |       ||     1

Table legend: (Time is in decaauts)
 A = Elapsed time spent in this place.
 B = Non-inter-level travel time spent in this place.
 C = Inter-level travel time spent in this place.
 D = Time resting spent in this place.
 E = Time spent auto-exploring this place.
 F = Levels seen in this place.
 G = Mean time per level.
                   A        B        C        D        E       F      G
               +--------+--------+--------+--------+--------+-----+--------+
         Total |   9859 |   8419 |   1440 |   1428 |   4818 |  12 |  821.6 |
       Dungeon |   9440 |   8099 |   1341 |   1428 |   4706 |  10 |  944.0 |
        Temple |    227 |    128 |     99 |      0 |    112 |   1 |  227.0 |
       Ossuary |    191 |    191 |      0 |      0 |      0 |   1 |  191.0 |
               +--------+--------+--------+--------+--------+-----+--------+

Top non-repeatable levels by time:
     D:6: 1367 daAuts
     D:1: 1354 daAuts
     D:8: 1137 daAuts
     D:7: 1120 daAuts
     D:5: 1031 daAuts
     D:9: 1023 daAuts
     D:2: 881 daAuts
     D:3: 846 daAuts
     D:4: 629 daAuts
  Temple: 227 daAuts
 Ossuary: 191 daAuts
    D:10: 50 daAuts
